 Dungeon Crawl Stone Soup version 0.22.1-6-g1668fe2 (webtiles) character file.

3405 Goblin1989 the Cudgeler (level 9, -5/71 HPs)
             Began as a Demonspawn Hunter on Jan 17, 2019.
             Was a Priest of Nemelex Xobeh.
             Slain by a wyvern (16 damage)
             ... summoned by the player character
             ... on level 8 of the Dungeon.
             The game lasted 00:30:40 (9567 turns).

Goblin1989 the Cudgeler (Demonspawn Hunter)         Turns: 9567, Time: 00:30:40

Health: -5/71      AC: 10    Str: 20    XL:     9   Next: 75%
Magic:  12/12      EV: 13    Int: 14    God:    Nemelex Xobeh [***...]
Gold:   295        SH:  0    Dex: 13    Spells: 8/8 levels left

rFire    + . .     SeeInvis .   b - +4 morningstar (freeze)
rCold    . . .     Gourm    .   (no shield)
rNeg     . . .     Faith    +   u - +2 ring mail {rF+}
rPois    .         Spirit   .   (no helmet)
rElec    .         Reflect  .   (no cloak)
rCorr    .         Harm     .   (no gloves)
MR       .....                  (no boots)
Stlth    +.........             H - amulet of faith {!P}
HPRegen  0.21/turn              (no ring)
MPRegen  0.13/turn              (no ring)

@: mighty, marked
A: hooves 1, thin metallic scales 1, powered by pain 1
a: Triple Draw, Renounce Religion


You were on level 8 of the Dungeon.
You worshipped Nemelex Xobeh.
Nemelex Xobeh was most pleased with you.
You were very hungry.

You visited 1 branch of the dungeon, and saw 8 of its levels.
You also visited: Ossuary.

You collected 464 gold pieces.
You spent 169 gold pieces at shops.

Inventory:

Hand Weapons
 a - the +6 hunting sling of Sequestration {velocity, rN++ MR+++ Int-3 Dex-4}
   (You bought it in a shop on level 6 of the Dungeon)

   Any stone fired from it inflicts extra damage.
   It affects your intelligence (-3).
   It affects your dexterity (-4).
   It greatly protects you from negative energy.
   It affects your resistance to hostile enchantments.
 b - a +4 morningstar of freezing (weapon)
 n - a +3 whip of flaming
Missiles
 c - 6 javelins (quivered) {@Q2}
 y - 24 poisoned needles
 F - 21 bolts
 O - 24 sling bullets
 V - 120 arrows
 X - 197 stones {@Q3}
 Z - 2 throwing nets {!d , @Q1}
Armour
 u - a +2 ring mail of fire resistance (worn)
 z - a +0 chain mail
Jewellery
 H - an amulet of faith (around neck) {!P}
 Y - an uncursed ring of see invisible {unknown}
Wands
 r - a wand of digging (15) {@v1}
 s - a wand of scattershot (1) {@v5}
 t - a wand of iceblast (5) {@v4}
 D - a wand of enslavement (12)
Scrolls
 w - a scroll of amnesia
 B - 2 scrolls of fog
 K - a scroll of enchant weapon
 M - a scroll of enchant armour
 N - a scroll of immolation
 R - 4 scrolls of identify {@r1}
 T - 5 scrolls of teleportation {!r, @r2}
 W - 4 scrolls of remove curse {@r3}
Potions
 v - 2 potions of agility {unknown}
 A - 3 potions of haste {@q3,}
 C - 2 potions of might
 E - 2 potions of resistance {@q6}
 I - 2 potions of cancellation
 J - a potion of brilliance {unknown}
 P - 6 potions of curing {@q1}
 Q - 2 potions of flight
 S - 2 potions of ambrosia {unknown}
 U - a potion of mutation {unknown}
Miscellaneous
 m - a legendary deck of summoning {drawn: 1} {god gift}
 p - a plain deck of destruction {drawn: 2} {god gift}
 q - a plain deck of destruction {drawn: 1} {god gift}
 x - a plain deck of escape {drawn: 5} {god gift}
 G - an ornate deck of destruction {drawn: 2} {god gift}
Comestibles
 e - 12 rations


   Skills:
 + Level 6.4 Fighting
 * Level 7.9 Maces & Flails
 + Level 2.7(3.6) Slings
 - Level 3.6(4.1) Throwing
 + Level 4.7 Armour
 + Level 4.7 Dodging
 - Level 0.8 Stealth
 - Level 5.0 Invocations


You had 8 spell levels left.
You didn't know any spells.
Your spell library contained the following spells:

 Spells                   Type           Power        Failure   Level  Hunger
 Sandblast                Erth           #.....       43%         1    ##.....
 Passwall                 Tmut/Erth      #.......     56%         2    ###....
 Stone Arrow              Conj/Erth      #.....       80%         3    ####...
 Petrify                  Tmut/Erth      #.......     99%         4    #####..
 Lee's Rapid Deconstruct  Erth           #.........   100%        5    ######.


Dungeon Overview and Level Annotations

Branches:
Dungeon (8/15)             Temple (0/1) D:4
   Lair: D:8-11

Altars:
Ashenzari
Makhleb
Nemelex Xobeh
Qazlal
Sif Muna
Trog
Uskayaw
Zin

Shops:
D:6 *   D:7 =

Annotations:
D:2 Natasha


Innate Abilities, Weirdness & Mutations

You have large cloven feet.
You are partially covered in thin metallic scales. (AC +2)
You sometimes gain a little power by taking damage.


Message History

You are electrocuted!
* * * LOW HITPOINT WARNING * * *
You regained 16 hp, and now have 21/70 hp.
Unknown command.
As you read the scroll of fear, it crumbles to dust.
You assume a fearsome visage.
Harold looks frightened!
There is an open door here.
As you close the door, it creaks loudly!
Evoke which item? (* to show all) (? for menu, Esc to quit)
You draw a card...
It is the Cloud.
Nothing appears to happen.
Unknown command.
Evoke which item? (* to show all) (? for menu, Esc to quit)
Okay, then.
There is an open door here.
You are feeling very hungry.
You close the door.
There's nothing to close nearby.
Harold shouts!
Harold casts a spell at you. A sentinel's mark forms upon you.
Evoke which item? (* to show all) (? for menu, Esc to quit)
You draw a card...
It is Degeneration.
Nothing appears to happen.
Unknown command.
Evoke which item? (* to show all) (? for menu, Esc to quit)
You draw a card...
It is Wild Magic.
Nothing appears to happen.
A killer bee comes into view.
Unknown command.
Evoke which item? (* to show all) (? for menu, Esc to quit)
You draw a card...
It is Degeneration.
Harold evaporates and reforms as a moth of wrath!
Harold twists and deforms.
The killer bee evaporates and reforms as a river rat!
The river rat twists and deforms.
A killer bee comes into view.
Unknown command.
Evoke which item? (* to show all) (? for menu, Esc to quit)
You draw a card...
It is Wild Magic.
Harold is showered with tiny particles of grit.
Freezing gases pour from the river rat's front feet!
A ball of electricity appears!
You feel a surge of magic.
A killer bee comes into view.
Unknown command.
Evoke which item? (* to show all) (? for menu, Esc to quit)
You draw a card...
It is Foxfire.
You hear a clap of thunder!
You hear an angry hiss. x2
Unknown command.
Your wyvern bites the wyvern but does no damage.
Your wyvern bites Harold!
The wyvern bites you!
* * * LOW HITPOINT WARNING * * *
The wyvern bites your wyvern!
Your wyvern bites the wyvern.
The wyvern barely misses your wyvern.
You take 9 damage, and have 19/70 hp.
Unknown command.
You barely miss the wyvern. You kick the wyvern.
The wyvern is moderately wounded.
The killer bee stings you.
* * * LOW HITPOINT WARNING * * *
Your wyvern bites the wyvern!
The wyvern misses your wyvern.
Your wyvern bites the wyvern!
The wyvern dies!
The wyvern's corpse disappears in a puff of smoke!
The wyvern misses you. The killer bee misses you.
The wyvern closely misses your wyvern.
Your wyvern bites Harold!
The wyvern bites you but does no damage.
Harold goads the killer bee on!
The killer bee goes berserk!
You take 1 damage, and have 18/70 hp.
Evoke which item? (* to show all) (? for menu, Esc to quit)
You draw a card...
It is the Orb.
You have drawn the Orb.
Press: ? - help, Shift-Dir - straight line, f - killer bee
Aim: a killer bee (heavily wounded, berserk, fast, unusually strong)
The orb of energy hits the killer bee.
The killer bee is severely wounded.
The killer bee stings you.
* * * LOW HITPOINT WARNING * * *
The killer bee stings you.
* * * LOW HITPOINT WARNING * * *
Your wyvern barely misses Harold.
The wyvern barely misses you.
Your wyvern bites the wyvern!
Your wyvern bites the wyvern but does no damage.
Harold goads the killer bee on!
The killer bee goes berserk!
Harold goads the wyvern on!
The wyvern goes berserk!
You take 5 damage, and have 13/70 hp.
Unknown command.
Unknown command.
Okay, then.
Okay, then.
Unknown command.
As you read the scroll labeled DAZYOZ LYNWEMP, it crumbles to dust.
The scroll dissolves into smoke.
It was a scroll of fog.
The killer bee closely misses you. The wyvern closely misses you.
The killer bee stings you.
* * * LOW HITPOINT WARNING * * *
Your wyvern bites Harold!
Harold dies!
Harold returns to his original shape as he dies.
The wyvern bites you but does no damage.
Your wyvern bites the wyvern.
The wyvern bites you!
You die...
Your body disappears without a glow. █........█..████████ █...█..███..█ █...██.███.██ ▲..........█ █.......██r█ █.......██.█ ........§y█.█ █▲███████y█r██████

█████@ll...... ..█
█..§ll§§...██ █.█
█..§§l§§§..█ █.█
█......>...█ ████.█
█..........)...██.█
█...██████████.██.█
█...█........█.██.█
█...█........▲.██(█
███.█........█....█


You could see 2 wyverns, 2 killer bees, a river rat and 3 friendly wyverns.

Vanquished Creatures
  Menkaure (D:5)
  2 sky beasts (D:6)
  An ogre (D:7)
  A black bear (D:8)
  2 ice beasts (D:8)
  2 centaurs
  Blork the orc (D:5)
  3 bullfrogs
  A wyvern zombie (D:6)
  2 scorpions
  5 wights (D:7)
  2 crimson imps
  3 jellies
  2 human zombies (Ossuary)
  A hound (D:6)
  A bullfrog skeleton (D:4)
  A centaur skeleton (D:7)
  3 orc priests
  An iguana (D:7)
  5 worker ants
  5 orc wizards
  3 mummies (Ossuary)
  A howler monkey zombie (D:6)
  8 gnolls
  9 adders
  An ooze (D:4)
  An adder zombie (Ossuary)
  2 worms
  A dart slug (D:4)
  5 leopard geckos
  15 orcs
  3 giant cockroaches
  2 goblins
  4 hobgoblins
  8 jackals
  6 kobolds
  4 quokkas
  A bat (D:1)
  5 frilled lizards
  5 goblin zombies (Ossuary)
  3 hobgoblin zombies (Ossuary)
  A jackal skeleton (D:6)
  An orc zombie (Ossuary)
  4 quokka zombies (Ossuary)
  5 rats
  2 rat zombies (Ossuary)
145 creatures vanquished.

Vanquished Creatures (collateral kills)
  Pikel (D:5)
  A moth of wrath (D:8)
  Prince Ribbit (D:5)
  Grinder (D:3)
  Eustachio (D:5)
  An orc warrior (D:6)
  An ice beast (D:4)
  An ogre (D:4)
  A worker ant (D:5)
  3 orcs (D:6)
  2 giant cockroaches
  A quokka skeleton (D:4)
  A plant (D:6)
16 creatures vanquished.

Vanquished Creatures (others)
  2 slaves (D:5)
  A sky beast (D:6)
  An ogre (D:5)
  A scorpion (D:5)
  A hound (D:5)
  A worker ant zombie (D:5)
  A ball lightning (D:8)
8 creatures vanquished.

Grand Total: 169 creatures vanquished

Notes
Turn   | Place    | Note
-------+----------+-------------------------------------------
     0 | D:1      | Goblin1989 the Demonspawn Hunter began the quest for the
                  | Orb.
     0 | D:1      | Reached XP level 1. HP: 16/16 MP: 1/1
   289 | D:1      | Gained mutation: You have large cloven feet. [demonic
                  | ancestry]
   289 | D:1      | Reached XP level 2. HP: 23/23 MP: 2/2
  1294 | D:2      | Reached XP level 3. HP: 25/29 MP: 3/3
  1733 | D:2      | Found a sparkling altar of Nemelex Xobeh.
  1737 | D:2      | Became a worshipper of Nemelex Xobeh the Trickster
  1947 | D:2      | Reached skill level 1 in Maces & Flails
  1982 | D:2      | Received a gift from Nemelex Xobeh
  2008 | D:2      | Noticed Natasha
  2127 | D:3      | Noticed Grinder
  2132 | D:3      | Killed Grinder
  2132 | D:3      | Reached skill level 3 in Maces & Flails
  2132 | D:3      | Reached XP level 4. HP: 37/37 MP: 4/4
  2132 | D:3      | Reached XP level 5. HP: 42/42 MP: 5/5
  2851 | D:3      | Reached * piety under Nemelex Xobeh
  3239 | D:4      | Noticed an ogre
  3356 | D:4      | Received a gift from Nemelex Xobeh
  3439 | D:4      | Noticed an ice beast
  3493 | D:4      | Killed an ice beast
  3493 | D:4      | Reached skill level 4 in Maces & Flails
  3972 | D:4      | Killed an ogre
  3972 | D:4      | Reached skill level 1 in Armour
  3972 | D:4      | Gained mutation: You sometimes gain a little power by
                  | taking damage. [demonic ancestry]
  3972 | D:4      | Reached XP level 6. HP: 20/48 MP: 6/6
  4856 | D:3      | Reached skill level 1 in Invocations
  5108 | D:4      | Received a gift from Nemelex Xobeh
  5244 | D:4      | Found a staircase to the Ecumenical Temple.
  5279 | D:4      | Found a shattered altar of Ashenzari.
  5355 | D:5      | Entered Level 5 of the Dungeon
  5362 | D:5      | Reached XP level 7. HP: 49/55 MP: 8/8
  5370 | D:5      | Noticed Pikel
  5384 | D:5      | Killed Pikel
  5384 | D:5      | Reached skill level 5 in Maces & Flails
  5447 | D:5      | Noticed Eustachio
  5453 | D:5      | Killed Eustachio
  5747 | D:5      | Reached ** piety under Nemelex Xobeh
  5905 | D:5      | Noticed Blork the orc
  5911 | D:5      | Killed Blork the orc
  5925 | D:5      | Noticed Prince Ribbit
  5941 | D:5      | Killed Prince Ribbit
  5941 | D:5      | Gained mutation: You are partially covered in thin metallic
                  | scales. (AC +2) [demonic ancestry]
  5941 | D:5      | Reached XP level 8. HP: 12/61 MP: 10/10
  6238 | D:5      | Found a deep blue altar of Sif Muna.
  6238 | D:5      | Found a bloodstained altar of Trog.
  6431 | D:5      | Noticed Menkaure
  6447 | D:5      | Killed Menkaure
  6447 | D:5      | Reached skill level 5 in Fighting
  6586 | D:6      | Reached skill level 6 in Maces & Flails
  6617 | D:6      | Found Xoqous's Assorted Antiques.
  6665 | D:6      | Found a sand-covered staircase.
  6674 | Ossuary  | Entered an ossuary
  7270 | D:6      | Bought an ichor-stained hunting sling for 169 gold pieces
  7270 | D:6      | Identified the +6 hunting sling of Sequestration {velocity,
                  | rN++ MR+++ Int-3 Dex-4} (You bought it in a shop on level 6
                  | of the Dungeon)
  7295 | D:6      | Received a gift from Nemelex Xobeh
  7517 | D:6      | Reached skill level 5 in Invocations
  7517 | D:6      | Reached XP level 9. HP: 68/69 MP: 12/12
  7553 | D:6      | Found a stormy altar of Qazlal.
  7628 | D:6      | Reached skill level 1 in Slings
  7808 | D:7      | Reached skill level 7 in Maces & Flails
  7855 | D:7      | Received a gift from Nemelex Xobeh
  7898 | D:7      | Found a glowing silver altar of Zin.
  8081 | D:7      | Reached *** piety under Nemelex Xobeh
  8081 | D:7      | Received a gift from Nemelex Xobeh
  8229 | D:7      | Found a hide-covered altar of Uskayaw.
  8268 | D:7      | Found a burning altar of Makhleb.
  8707 | D:7      | Found a glowing silver altar of Zin.
  8741 | D:7      | Found Justefo's Jewellery Boutique.
  9001 | D:7      | Received a gift from Nemelex Xobeh
  9518 | D:8      | Noticed Harold
  9561 | D:8      | Noticed Harold
  9561 | D:8      | Harold changed into Harold the moth of wrath
  9567 | D:8      | Killed Harold the moth of wrath
  9567 | D:8      | Slain by a wyvern

Skill      XL: |  1  2  3  4  5  6  7  8  9 |
---------------+----------------------------+-----
Fighting       | 3 4 5 6 |  6.4
Maces & Flails | 3 4 5 6 7 |  7.9
Armour         | 1 2 3 4 |  4.7
Invocations    | 1 3 5 |  5.0
Dodging        | 2 3 4 |  4.7
Slings         | 2 |  2.7
Throwing       | |  3.6
Stealth        | |  0.8

Action                   |  1- 3 |  4- 6 |  7- 9 || total
-------------------------+-------+-------+-------++-------
Melee: Short sword       |    25 |       |       ||    25
       Whip              |   119 |   167 |   243 ||   529
       Kick              |    33 |    50 |    78 ||   161
       Flail             |       |    17 |    24 ||    41
       Morningstar       |       |       |    70 ||    70
 Fire: Hunting sling     |       |       |    31 ||    31
Throw: Throwing net      |       |     2 |       ||     2
Evoke: Deck              |     1 |     6 |    12 ||    19
       Wand              |       |     4 |       ||     4
  Use: Scroll            |       |     9 |    12 ||    21
       Potion            |       |     1 |     2 ||     3
 Stab: Held in net/web   |       |     2 |       ||     2
  Eat: Chunk             |     1 |     3 |     9 ||    13
       Ration            |     1 |     2 |     1 ||     4
Armor: Leather armour    |     7 |       |       ||     7
       Ring mail         |    54 |    26 |   103 ||   183
       Chain mail        |       |    38 |       ||    38
Dodge: Dodged            |   101 |    81 |   194 ||   376

Vault maps used:
D:1:      dpeg_arrival_rooms_c, minmay_splitting_lines, hex_large,
          minmay_pentomino_q4
D:2:      first_ration, nemelex_lonely_heart_becter, uniq_natasha
D:3:      kennysheep_cross_bottleneck, uniq_grinder
D:4:      cheibrodos_pilgrimage, evilmike_ruin_ashenzari,
          minmay_temple_entry_overgrown
D:5:      gammafunk_temple_overflow_wave, bh_walls_and_bars, uniq_eustachio,
          uniq_prince_ribbit1, uniq_menkaure, uniq_blork_the_orc, uniq_pikel
D:6:      grunt_qazlal_clouds, serial_shops, nicolae_shop_overgrown_old_shop,
          lightli_ossuary_entry_decrepit_ruins, minmay_misc_feat_columns
D:7:      eat_drink_and_be_merry_uskayaw, serial_shops, shop_fountains,
          hangedman_feature_mirror, minivault_14, grunt_ogre_cave,
          bloody_makhleb
D:8:      kennysheep_mini_moat, serial_shops, shop, minivault_25,
          nicolae_gozag_seed_capital, uniq_harold, uniq_maurice
Ossuary:  ossuary_minmay_chase
